 Dungeon Crawl Stone Soup version 0.28.0-1-gb440e238dd (webtiles) character file.

Game seed: 3047588913032757937

1622 4FPSwarrior the Sneak (level 8, -7/37 HPs)
             Began as a Felid Transmuter on Feb 20, 2022.
             Was an Elder of Elyvilon.
             Killed by nerve-wracking pain
             ... invoked by Grinder
              (11 damage)
             ... while paralysed by Grinder
             ... on level 4 of the Dungeon.
             The game lasted 00:45:59 (14518 turns).

4FPSwarrior the Sneak (Felid Transmuter)           Turns: 14518, Time: 00:45:59

Health: -7/37      AC:  3    Str:  9    XL:     8   Next: 65%
Magic:  12/12      EV:  4    Int: 15    God:    Elyvilon [****..]
Gold:   511        SH:  0    Dex: 18    Spells: 2/12 levels left
                                        Lives:  0   Deaths: 2

rFire   + . .      SeeInvis +     - Unarmed
rCold   . . .      Faith    .   (shield unavailable)
rNeg    . . .      Spirit   .   (armour unavailable)
rPois   .          Reflect  .   (helmet unavailable)
rElec   .          Harm     .   (cloak unavailable)
rCorr   .          Rampage  .   (gloves unavailable)
Will    +....                   (boots unavailable)
Stlth   ++++......              d - amulet of magic regeneration
HPRegen 0.12/turn               k - ring of the Octopus King {rF+ AC+1 EV+1 Str+1 Int+1 Dex+1}
MPRegen 0.53/turn               (no ring)

@: paralysed, appendages, quick
A: horns 2, very small, claws 1, fangs 3, see invisible, speed 1, shaggy fur 2,
stealthy paws, no weapons or thrown items, no armour, multi-lived
a: End Transformation, Renounce Religion, Purification, Heal Other, Heal Self


You were on level 4 of the Dungeon.
You worshipped Elyvilon.
Elyvilon was greatly pleased with you.
You had temporarily grown beastly horns.
You visited 2 branches of the dungeon, and saw 10 of its levels.

You collected 511 gold pieces.

Inventory:

Jewellery
 d - an amulet of magic regeneration (around neck)
 k - a ring of the Octopus King (left paw) {rF+ AC+1 EV+1 Str+1 Int+1 Dex+1}
   (You found it on level 4 of the Dungeon)

   [ring of protection from fire]

   AC:        It affects your AC (+1).
   EV:        It affects your evasion (+1).
   Str:       It affects your strength (+1).
   Int:       It affects your intelligence (+1).
   Dex:       It affects your dexterity (+1).
   rF:        It protects you from fire.
Wands
 r - a wand of mindburst (16)
 s - a wand of acid (11)
 v - a wand of polymorph (4)
Scrolls
 a - a scroll of teleportation {unknown}
 c - a scroll of brand weapon {unknown}
 e - 2 scrolls of magic mapping {unknown}
 l - 3 scrolls of fear
 n - a scroll of acquirement {unknown}
 o - a scroll of enchant weapon {unknown}
 p - 3 scrolls of vulnerability
 q - 2 scrolls of amnesia
Potions
 b - 2 potions of cancellation
 f - 2 potions of curing {unknown}
 g - 3 potions of haste {unknown}
 h - a potion of flight
 i - 4 potions of attraction
 j - a potion of ambrosia {unknown}
 m - a potion of brilliance {unknown}
 t - a potion of degeneration {unknown}
 u - a potion of mutation {unknown}


   Skills:
 * Level 5.3 Fighting
 + Level 7.1 Dodging
 + Level 7.5 Stealth
 + Level 5.9 Unarmed Combat
 - Level 2.5 Spellcasting
 + Level 6.9 Hexes
 + Level 6.1 Transmutations
 + Level 2.3 Ice Magic
 + Level 0.9 Invocations


You had 2 spell levels left.
You knew the following spells:

 Your Spells              Type           Power      Damage    Failure   Level
a - Beastly Appendage     Tmut           40%        N/A       1%          1
b - Wereblood             Tmut           20%        N/A       2%          2
c - Ice Form              Ice/Tmut       14%        N/A       36%         4
d - Tukima's Dance        Hex            22%        N/A       3%          3

Your spell library contained the following spells:

 Spells                   Type           Power      Damage    Failure   Level
 Foxfire                  Conj/Fire      4%         2x1d4     22%         1
 Pain                     Necr           4%         1d4       22%         1
 Scorch                   Fire           2%         2d5       32%         2
 Static Discharge         Conj/Air       1%         N/A       32%         2
 Inner Flame              Hex/Fire       12%        N/A       16%         3
 Spider Form              Tmut/Pois      11%        N/A       19%         3
 Blade Hands              Tmut           10%        N/A       43%         5
 Anguish                  Hex/Necr       6%         N/A       45%         4
 Conjure Flame            Conj/Fire      1%         6-21      54%         3
 Silence                  Hex/Air        6%         N/A       80%         5
 Airstrike                Air            0%         N/A       91%         4
 Flame Wave               Conj/Fire      1%         2d4       91%         4
 Passage of Golubria      Tloc           1%         N/A       91%         4
 Summon Lightning Spire   Summ/Air       1%         N/A       91%         4
 Agony                    Necr           1%         N/A       99%         5
 Fireball                 Conj/Fire      0%         3d3       99%         5
 Iskenderun's Battlesphe  Conj           1%         2d6       99%         5
 Lightning Bolt           Conj/Air       0%         1d11      99%         5
 Conjure Ball Lightning   Conj/Air       0%         3x3d6     100%        6
 Iron Shot                Conj/Erth      0%         9d1       100%        6
 Summon Cactus Giant      Summ           0%         N/A       100%        6
 Enfeeble                 Hex            11%        N/A       100%        7
 Orb of Destruction       Conj           0%         9d5       100%        7
 Lehudib's Crystal Spear  Conj/Erth      0%         10d2      100%        8
 Maxwell's Capacitive Co  Air            0%         ∞         100%        8
 Animate Armour           Summ/Erth      Unusable   N/A       N/A         4
 Excruciating Wounds      Necr           Unusable   N/A       N/A         5

Dungeon Overview and Level Annotations

Branches:
Dungeon (9/15)             Temple (1/1) D:5            Lair (0/6) D:8
    Orc: D:9-12

Altars:
Ashenzari
Cheibriados
Dithmenos
Elyvilon
Fedhas
Gozag
Hepliaklqana
Kikubaaqudgha
Makhleb
Nemelex Xobeh
Okawaru
Qazlal
Ru
Sif Muna
Trog
Uskayaw
Vehumet
Xom
Yredelemnul
Zin
The Shining One

Annotations:
D:4 Blork the orc, Grinder
D:5 Pikel


Innate Abilities, Weirdness & Mutations

You have temporarily grown beastly horns.
You have sharp claws.
You have razor-sharp teeth.
You have supernaturally acute eyesight. (SInv)
You cover ground quickly. (Speed+)
You are covered in thick fur. (AC +2)
Your paws help you pounce on unaware monsters.
You are incapable of wielding weapons or throwing items.
You cannot wear armour.
You gain extra lives every three experience levels.


Message History

Okay, then.
Casting: Tukima's Dance (dangerous; 3% risk of failure)
Confirm with . or Enter, or press ? or * to list all spells.
You grow a pair of large bovine horns.
Casting: Beastly Appendage (safe; 1% risk of failure)
Press: ? - help, Q - select action, (/) - cycle Dir - look around, f - activate
Okay, then.
Grinder hits you!
You writhe in agony.
You closely miss Grinder. Grinder barely misses you.
You claw Grinder! Your headbutt misses Grinder.
Grinder is moderately wounded.
Grinder barely misses you.
You scratch Grinder. Your bite misses Grinder.
Grinder is moderately wounded.
Grinder hits you.
You writhe in agony.
You scratch Grinder. Your headbutt misses Grinder.
Grinder is moderately wounded.
You claw Grinder! Your headbutt misses Grinder.
Grinder is heavily wounded.
Grinder misses you.
You closely miss Grinder. Your headbutt misses Grinder. You bite Grinder.
Grinder is heavily wounded.
Grinder gestures at you.
You suddenly lose the ability to move!
Grinder says, "I used to sell toenails on the black market."
Grinder hits you but does no damage. Grinder hits you! Grinder hits you.
* * * LOW HITPOINT WARNING * * *
You writhe in agony.
* * * LOW HITPOINT WARNING * * *
Grinder hits you! Elyvilon protects you from harm!
You writhe in agony.
* * * LOW HITPOINT WARNING * * *
Grinder gestures at you. You resist with significant effort.
Grinder gestures at you. Pain shoots through your body!
You die...

######### #.......##
#################.#####...
#.......#.........# #..#
#.#####.#.######..#####..#
#.# #.#5# #..........)..
#.# ###.#@###.##...####..#
#.# #.........#.....###..#
#.###.#.#.######..........
#.......#.# #..####.###
#####.###.######..# #.# #
#.# #......<..# #.# #
#.###########'## #.# #
#...# ##...###.# # ###.#
##.....##.###


You could see Grinder.

Vanquished Creatures
  Eustachio (D:4)
  A steam dragon (D:8)
  2 water moccasins
  An orc warrior (D:6)
  A hornet zombie (D:8)
  4 ogres
  2 necrophages
  3 centaurs
  2 lemures
  A phantom (D:5)
  2 bullfrogs
  A gnoll sergeant (D:7)
  A wyvern zombie (D:8)
  5 scorpions
  A wyvern skeleton (D:5)
  3 killer bees (D:8)
  2 howler monkeys
  2 wights (D:8)
  2 jellies
  A bullfrog zombie (D:5)
  2 orc priests (D:9)
  2 bullfrog skeletons
  An iguana (D:6)
  Ijyb (D:5)
  A scorpion zombie (D:5)
  2 orc wizards
  A hound zombie (D:5)
  6 adders
  6 gnolls
  A shadow imp (D:8)
  3 dart slugs
  11 orcs
  6 endoplasms
  2 giant cockroaches
  5 goblins
  5 hobgoblins
  5 jackals
  4 quokkas
  6 ball pythons
  9 bats
  2 frilled lizards (D:1)
  4 kobolds
  A quokka skeleton (D:4)
  A rat (D:1)
125 creatures vanquished.

Vanquished Creatures (collateral kills)
  A wight (D:8)
1 creature vanquished.

Vanquished Creatures (others)
  6 dancing weapons
  5 plants (D:8)
11 creatures vanquished.

Grand Total: 137 creatures vanquished

Notes
Turn   | Place    | Note
-------+----------+-------------------------------------------
     0 | D:1      | 4FPSwarrior the Felid Transmuter began the quest for the
                  | Orb.
     0 | D:1      | Reached XP level 1. HP: 9/9 MP: 4/4
   202 | D:1      | Reached XP level 2. HP: 9/12 MP: 6/6
   396 | D:1      | Learned a level 2 spell: Wereblood
   402 | D:1      | Found a faded altar of an unknown god.
   797 | D:1      | Reached skill level 1 in Stealth
  1525 | D:2      | Reached XP level 3. HP: 9/16 MP: 7/7
  2941 | D:3      | Reached XP level 4. HP: 19/19 MP: 8/8
  3545 | D:4      | Noticed Eustachio
  3860 | D:4      | Found the ring of the Octopus King
  3867 | D:4      | Identified a ring of the Octopus King {rF+ AC+1 EV+1 Str+1
                  | Int+1 Dex+1}
  3993 | D:4      | Learned a level 4 spell: Ice Form
  4557 | D:4      | Noticed Blork the orc
  5002 | D:4      | Noticed Grinder
  5047 | D:5      | Entered Level 5 of the Dungeon
  5051 | D:5      | Noticed a phantom
  5059 | D:5      | Noticed a necrophage
  5061 | D:5      | Reached XP level 5. HP: 23/23 MP: 9/9
  5062 | D:5      | Killed a phantom
  5067 | D:5      | Killed a necrophage
  5068 | D:5      | Reached skill level 1 in Ice Magic
  5068 | D:5      | Gained mutation: You are covered in thick fur. (AC +2)
                  | [Felid growth]
  5068 | D:5      | Reached XP level 6. HP: 27/27 MP: 10/10
  5189 | D:5      | Learned a level 3 spell: Tukima's Dance
  5920 | D:5      | Reached skill level 1 in Hexes
  5978 | D:5      | Found a staircase to the Ecumenical Temple.
  5991 | Temple   | Entered the Ecumenical Temple
  6155 | Temple   | Became a worshipper of Elyvilon the Healer
  6198 | D:5      | Noticed a water moccasin
  6206 | D:5      | Killed a water moccasin
  6207 | D:5      | Reached XP level 7. HP: 31/31 MP: 11/11
  6209 | D:5      | Noticed Ijyb
  6374 | D:5      | Killed Ijyb
  6707 | D:5      | Noticed Pikel
  6853 | D:4      | Reached * piety under Elyvilon
  6876 | D:4      | Reached skill level 5 in Dodging
  6876 | D:4      | Reached skill level 5 in Stealth
  7502 | D:4      | Killed Eustachio
  8044 | D:5      | Reached XP level 8. HP: 34/36 MP: 12/12
  8948 | D:6      | Slain by an orc warrior
  8949 | D:6      | Reached XP level 7. HP: -5/32 MP: 11/11
  9032 | D:6      | Reached skill level 5 in Transmutations
  9131 | D:6      | Reached skill level 5 in Unarmed Combat
  9421 | D:6      | Reached ** piety under Elyvilon
  9528 | D:6      | Reached XP level 8. HP: 32/36 MP: 12/12
 10272 | D:6      | Reached skill level 5 in Hexes
 11353 | D:7      | Reached *** piety under Elyvilon
 12156 | D:8      | Mangled by a hornet zombie
 12157 | D:8      | Reached XP level 7. HP: -9/33 MP: 11/11
 12240 | D:8      | Noticed a steam dragon
 12306 | D:8      | Noticed a two-headed ogre
 12475 | D:8      | Reached XP level 8. HP: 36/36 MP: 12/12
 12575 | D:8      | Reached skill level 5 in Fighting
 12951 | D:8      | Found a staircase to the Lair.
 12952 | D:8      | Noticed a komodo dragon
 13279 | D:9      | Identified the +5 dagger of the Several Portals {flame,
                  | Int+4}
 13340 | D:9      | Reached **** piety under Elyvilon
 13471 | D:9      | Noticed a troll
 14512 | D:4      | Paralysed by Grinder for 6 turns
 14516 | D:4      | Elyvilon protects you from harm!
 14518 | D:4      | Killed from afar by Grinder

Illustrated notes

Levels and vault maps discovered:
D:1:      lemuel_arrival_room, layout_rooms, shapermc_ecumenical_altar_acropolis
D:2:      layout_loops_ring
D:3:      layout_basic, kennysheep_cross_bottleneck, minmay_puff
D:4:      layout_loops_corners, uniq_eustachio, uniq_blork_the_orc, uniq_grinder
D:5:      layout_basic, minmay_temple_entry_offerings, chequers_mini_garden,
          uniq_pikel, uniq_ijyb
D:6:      cheibrodos_quashed, layout_loops_ring
D:7:      layout_loops_corners, serial_bayou_ford_a
D:8:      layout_gridville, david_lair_shrubbed, hangedman_decor_slide_cut
D:9:      layout_loops_cross, nzn_wu_jian_council_hall, minmay_misc_feat_pillars
Temple:   kilobyte_greek_temple

Skill      XL: |  1  2  3  4  5  6  7  8 |
---------------+-------------------------+-----
Stealth        | 1 2 3 4 7 |  7.5
Fighting       | 2 3 5 |  5.3
Transmutations | 3 4 5 6 |  6.1
Dodging        | 3 4 6 7 |  7.1
Ice Magic      | 1 2 |  2.3
Unarmed Combat | 4 5 |  5.9
Hexes          | 1 6 5 |  6.9
Spellcasting   | |  2.5
Invocations    | |  0.9

Action                   |  1- 3 |  4- 6 |  7- 9 || total
-------------------------+-------+-------+-------++-------
Melee: Unarmed           |    98 |   114 |   366 ||   578
       Bite              |    10 |    18 |    50 ||    78
       Headbutt          |    12 |    24 |    79 ||   115
       Punch             |     2 |     3 |    18 ||    23
 Cast: Beastly Appendage |    22 |    20 |    49 ||    91
       Wereblood         |       |     4 |    11 ||    15
       Tukima's Dance    |       |       |    23 ||    23
  Use: Scroll            |     7 |       |     4 ||    11
       Potion            |       |     1 |     6 ||     7
 Stab: Sleeping          |     6 |     6 |    11 ||    23
Armor: Skin              |     6 |     9 |    28 ||    43
Dodge: Dodged            |   101 |    79 |   365 ||   545
